 Dungeon Crawl Stone Soup version 0.31-a0-188-g5e087ee2ca (webtiles) character file.

Game seed: 11664409465192939341

69 qw the Shooter (level 4, -6/25 HPs)
             Began as a Deep Elf Hunter on June 23, 2023.
             Splashed by a jelly's acid (8 damage)
             ... on level 3 of the Dungeon.
             The game lasted 00:00:31 (1596 turns).

qw the Shooter (Deep Elf Hunter)                    Turns: 1596, Time: 00:00:31

Health: -6/25      AC: -5    Str: 10    XL:     4   Next: 2%
Magic:  6/6        EV: 12    Int: 14    God:
Gold:   69         SH:  0    Dex: 18    Spells: 3/3 levels left

rFire   . . .        Y - +0 shortbow
rCold   . . .        (shield currently unavailable)
rNeg    . . .        c - +0 leather armour
rPois   .            (no helmet)
rElec   .            (no cloak)
rCorr   .            (no gloves)
SInv    .            (no boots)
Will    .....        (no amulet)
Stlth   ++           (no ring)
HPRegen 0.24/turn    (no ring)
MPRegen 0.10/turn

%: no passive effects
@: corroded
A: no striking features
a: no special abilities


You were on level 3 of the Dungeon.
You visited 1 branch of the dungeon, and saw 3 of its levels.

You collected 69 gold pieces.


   Skills:
 - Level 1.5 Fighting
 + Level 7.4 Ranged Weapons
 - Level 2.4 Dodging
 - Level 1.2 Stealth


You had 3 spell levels left.
You didn't know any spells.
Your spell library was empty.

Inventory:

Hand Weapons
 Y - a +0 shortbow (weapon)
Armour
 c - a +0 leather armour (worn)
Scrolls
 b - a scroll of identify
 d - a scroll of immolation {unknown}
Potions
 a - a potion of heal wounds {unknown}
 h - a potion of lignification {unknown}

Dungeon Overview and Level Annotations

Branches:
Dungeon (3/15)

Altars:


Message History

Where to? (* - list waypoints, Enter - D:3, ? - help)
What level of the Dungeon? (default 1, ? - help)
You climb downwards.
You hear the sound of rushing water.
There is an entrance to a sewer on this level.
Hurry and find it before the portal rusts away!
You hear the slow rusting of a distant drain.
There is a stone staircase leading up here.
b - a scroll of identify
d - a scroll labelled ADEH FUCEE A kobold comes into view.
It is wielding a +0 dagger and quivering poisoned darts.
You shoot an arrow. The arrow hits the kobold.
The kobold shouts!
The kobold is heavily wounded.
You shoot an arrow. The arrow hits the kobold.
You kill the kobold!
A jelly comes into view.
You shoot an arrow. The arrow hits the jelly.
The jelly is moderately wounded.
You shoot an arrow. The arrow hits the jelly.
The jelly is heavily wounded.
You shoot an arrow.
The arrow hits the jelly but does no damage.
The jelly is heavily wounded.
The jelly hits you. The acid corrodes you!
You are splashed with acid!
You shoot an arrow.
The arrow hits the jelly but does no damage.
The jelly is heavily wounded.
The jelly completely misses you.
You shoot an arrow.
The arrow hits the jelly but does no damage.
The jelly is heavily wounded.
The jelly hits you.
You are splashed with acid!
You shoot an arrow. The arrow hits the jelly.
The jelly is severely wounded.
The jelly misses you.
You shoot an arrow.
The arrow hits the jelly but does no damage.
The jelly is severely wounded.
The jelly hits you. The acid corrodes you!
You are splashed with acid!
You die...

#..#######.########
#.................#
#....)..<..######..
#..........#
#..........####
#.<...(.......####
#................#
#..........#..##..
#########....@#
#####J...#
#.##..... ).. .###
.#.. .. .# #.# ## #
.# ..


You could see a jelly.

Vanquished Creatures
  2 adders (D:2)
  2 dart slugs
  4 ball pythons
  5 endoplasms
  2 giant cockroaches
  4 hobgoblins
  2 jackals (D:2)
  8 kobolds
  A quokka (D:2)
  3 bats (D:1)
  A frilled lizard (D:1)
  5 goblins
  2 rats
41 creatures vanquished.

Notes
Turn   | Place    | Note
-------+----------+-------------------------------------------
     0 | D:1      | qw the Deep Elf Hunter began the quest for the Orb.
     0 | D:1      | Reached XP level 1. HP: 12/12 MP: 3/3
     0 | D:1      | 0 ||| qw: Version: 0.3-a-9-g12657ce
     0 | D:1      | 0 ||| qw: Game counter: 3288
     0 | D:1      | 0 ||| qw: Always use a shield: true
     0 | D:1      | 0 ||| qw: God list: Okawaru
     0 | D:1      | 0 ||| qw: Allow faded altars: false
     0 | D:1      | 0 ||| qw: Do Orc after D:15 true
     0 | D:1      | 0 ||| qw: Do second Lair branch before Depths: true
     0 | D:1      | 0 ||| qw: Lair rune preference: random
     0 | D:1      | 0 ||| qw: Plans: Normal
     0 | D:1      | 0 ||| PLANNING D:1-11
   152 | D:1      | Reached skill level 6 in Ranged Weapons
   152 | D:1      | Reached XP level 2. HP: 12/16 MP: 4/4
   836 | D:1      | 836 ||| READING scroll labelled PUEDEM OJOP.
   837 | D:1      | 837 ||| READING scroll labelled XUQATU ALYENI.
   841 | D:1      | 841 ||| READING scroll labelled BEKU QUIGI.
   842 | D:1      | 842 ||| DRINKING 2 coppery potions.
   843 | D:1      | 843 ||| DROPPING scroll of butterflies.
   844 | D:1      | 844 ||| DROPPING potion of invisibility.
   943 | D:2      | Reached XP level 3. HP: 12/20 MP: 5/5
  1127 | D:2      | Reached skill level 7 in Ranged Weapons
  1458 | D:2      | 1458 ||| READING 2 scrolls labelled IWARIAFAPT.
  1459 | D:2      | 1459 ||| DROPPING scroll of fog.
  1497 | D:3      | 1497 ||| PLANNING SEWER
  1507 | D:3      | 1507 ||| STAIRDANCE
  1510 | D:2      | Reached XP level 4. HP: 13/25 MP: 6/6
  1594 | D:3      | HP: 4/25 [acid (8)]
  1596 | D:3      | Splashed by a jelly's acid

Levels and vault maps discovered:
D:1:      dpeg_arrival_windows_large_door, layout_basic, minmay_close_crescents
D:2:      layout_basic
D:3:      layout_rooms, gup_sewer_entry_spiral

Skill      XL: |  1  2  3 |
---------------+----------+-----
Ranged Weapons | 6 7 |  7.4
Fighting       | |  1.5
Dodging        | |  2.4
Stealth        | |  1.2

Action                     |  1- 3 |  4- 6 || total
---------------------------+-------+-------++-------
   Fire: Shortbow          |   110 |     9 ||   119
    Use: Scroll            |     4 |       ||     4
         Potion            |     1 |       ||     1
 Armour: Leather armour    |    10 |       ||    10
  Dodge: Dodged            |    28 |     2 ||    30

Table legend:
 A = Non-vault XP
 B = Vault XP
 C = Vault XP percentage of total XP
 D = Non-vault monster count
 E = Vault monster count
 F = Vault count percentage of total count
                 A         B        C        D         E       F
            +---------+---------+-------+---------+---------+-------
      Total |      90 |       9 |   9.1 |      35 |       6 |  14.6
            +---------+---------+-------+---------+---------+-------
        D:1 |      26 |       9 |  25.7 |      14 |       6 |  30.0
        D:2 |      59 |       0 |   0.0 |      18 |       0 |   0.0
        D:3 |       5 |       0 |   0.0 |       3 |       0 |   0.0
            +---------+---------+-------+---------+---------+-------
